cohdb
Replays
Latest Replays
All Replays
Popular Replays
Top Player Replays
Match Explorer
How It Works
Community
CoH3 Stats
Reddit
Sign in to upload your games and track your stats! →
Sign in with Steam
Match 39005855
Unlisted
Match 39005855
Overview
Messages
Build Orders
End
Selects Italian Combined Arms Battlegroup
Selects Bersaglieri Squad
Bersaglieri Squad
Panzergrenadier Squad
Bersaglieri Squad
Bersaglieri Squad
Construct Light Support Kompanie
Selects Bersaglieri Bolster
Selects Bersaglieri Bolster
MG34 Team
2.5-tonne Medical Truck
Panzerjäger Squad
Panzerjäger Squad
Fire Support Elements
Construct Panzerarmee Kommand
Selects Breda Model 30 Light Machine Guns
Selects Breda Model 30 Light Machine Guns
Panzer III L Medium Tank
Kradschützen Motorcycle Team
Armored Reserves
MG34 Team
2.5-tonne Medical Truck
Selects Semovente da 75/18 Assault Gun
Selects Strafing Run
Selects Artillery Cover
Artillery Cover
Strafing Run
Tiger Heavy Tank
Flak 36 Anti-tank Gun Team
Bersaglieri Squad
Panzer IV Assault Group
Bersaglieri Squad
Artillery Cover
Bersaglieri Squad
[PMT]GENERAL
只愛❤毛妹
0
0
Comments
sign in to comment!
No comments posted yet!